AoeStats
← maRtin993♪

Nomad

510538418Analyzed
3v3 RM · 18h ago on Oct 1, 2026· 34m 16s· 6 players
Game mode
Random Map
Map size
210×210
Population
200
Speed
Normal
Resources
Standard
Victory
Conquest
Starting age
Dark Age
Ending age
Imperial Age
RankedLock teamsTeams togetherTeam positionsShared explorationLock speedFull tech treeHidden civsTurbo modeCheats
Victory
Defeat
🇩🇪 Franks · Germany
975
+13
🇹🇼 Japanese · Taiwan
948
+14
🇲🇦 Tatars · Morocco
854
+19
🇹🇷 Turks · Türkiye
947
-16
🇮🇹 Huns · Italy
923
-16
🇨🇳 Slavs · China
867
-14
Fil
4:52 Loom
15:16 Feudal Age
16:20 Double-Bit Axe
20:54 Scale Barding Armor
21:59 Horse Collar
23:21 Forging
23:30 Fishing Lines
enverlife
17:22 Feudal Age
17:51 Horse Collar
24:56 Double-Bit Axe
27:58 Castle Age
26:27 Gold Mining
26:27 Stone Mining
28:27 Scale Barding Armor
maRtin993♪
6:50 Loom
18:00 Feudal Age
20:20 Fishing Lines
22:48 Man-at-Arms
nyx
14:00 Feudal Age
18:32 Double-Bit Axe
21:36 Castle Age
23:04 Crossbowman
25:33 Horse Collar
28:23 Ballistics
29:16 Heavy Plow
29:28 Bow Saw
29:50 Fletching
33:43 Bodkin Arrow
33:48 Padded Archer Armor
DerKo
12:53 Feudal Age
22:25 Castle Age
21:23 Gold Mining
22:02 Man-at-Arms
23:19 Long Swordsman
26:15 Double-Bit Axe
30:09 Wheelbarrow
29:19 Town Watch
32:58 Scale Barding Armor
32:53 Scale Mail Armor
33:06 Forging
32:59 Husbandry
roger777
7:00 Loom
15:02 Feudal Age
20:22 Castle Age
18:52 Double-Bit Axe
20:59 Forging
21:33 Fletching
24:03 Bloodlines
23:55 Fishing Lines
25:52 Gillnets
29:22 Wheelbarrow
30:17 Scale Mail Armor
30:53 Iron Casting
34:05 Imperial Age
32:13 Gold Mining
32:21 Stone Mining
33:48 Chain Mail Armor
33:54 Horse Collar
34:25 Bow Saw
34:15 Town Watch
Connection lost

Rejoining the realm…

Still unreachable

The connection could not be restored.

Session expired

The server has moved on; the page needs a fresh start.